 Dungeon Crawl Stone Soup version 0.24.0-125-gc4c63601f3 (webtiles) character file.

Game seed: 1231001944217005454, levelgen mode: deterministic

1876 Peloso the Carver (level 8, -12/70 HPs)
             Began as a Minotaur Fighter on Mar 21, 2020.
             Mangled by a two-headed ogre
             ... wielding a +0 giant club
              (27 damage)
             ... on level 7 of the Dungeon.
             The game lasted 00:09:17 (5228 turns).

Peloso the Carver (Minotaur Fighter)                Turns: 5228, Time: 00:09:18

Health: -12/70     AC: 15    Str: 22    XL:     8   Next: 91%
Magic:  7/7        EV:  7    Int:  5    God:
Gold:   379        SH: 11    Dex: 11    Spells: 7/7 levels left

rFire    . . .     SeeInvis +   a - +0 long sword
rCold    . . .     Gourm    .   c - +0 shield
rNeg     . . .     Faith    .   m - +0 chain mail
rPois    .         Spirit   .   (helmet restricted)
rElec    .         Reflect  .   (no cloak)
rCorr    .         Harm     .   h - +0 pair of gloves
MR       .....                  w - +0 pair of boots
Stlth    ..........             (no amulet)
HPRegen  0.21/turn              i - +2 ring of protection
MPRegen  0.10/turn              s - ring of see invisible

@: lightly drained
A: retaliatory headbutt, horns 2
a: no special abilities


You were on level 7 of the Dungeon.
You were very hungry.

You visited 1 branch of the dungeon, and saw 7 of its levels.
You also visited: Ossuary.

You collected 379 gold pieces.

Inventory:

Hand Weapons
 a - a +0 long sword (weapon)
Armour
 b - a +0 scale mail
 c - a +0 shield (worn)
 h - a +0 pair of gloves (worn)
 m - a +0 chain mail (worn)
 w - a +0 pair of boots (worn)
Jewellery
 i - a +2 ring of protection (left hand)
 l - an uncursed ring of resist corrosion
 q - an uncursed ring of positive energy
 s - a ring of see invisible (right hand)
Wands
 u - a wand of random effects (13)
Scrolls
 e - 2 scrolls of magic mapping
 g - 4 scrolls of fog
 j - 3 scrolls of amnesia
 k - 4 scrolls of enchant armour
 n - 5 scrolls of identify
 p - 5 scrolls of teleportation
 t - 4 scrolls of remove curse
 y - a scroll of fear {unknown}
 B - 2 scrolls of immolation {unknown}
 C - a scroll of random uselessness {unknown}
Potions
 d - 2 potions of might
 o - 4 potions of brilliance
 r - 2 potions of mutation
 v - a potion of cancellation {unknown}
 z - 2 potions of flight {unknown}
 A - a potion of haste {unknown}
Comestibles
 f - 6 rations


   Skills:
 + Level 6.2(6.1) Fighting
 + Level 9.4 Long Blades
 + Level 6.6 Armour
 + Level 2.2(2.1) Dodging
 + Level 1.1(1.0) Stealth
 + Level 7.2 Shields


You had 7 spell levels left.
You didn't know any spells.
Your spell library contained the following spells:

 Spells                   Type           Power        Failure   Level  Hunger
 Summon Small Mammal      Summ           #...         100%        1    ##.....
 Call Imp                 Summ           #.......     100%        2    ###....
 Call Canine Familiar     Summ           #.......     100%        3    ####...
 Summon Guardian Golem    Hex/Summ       #.......     100%        3    ####...
 Summon Ice Beast         Ice/Summ       #.......     100%        4    #####..
 Summon Lightning Spire   Summ/Air       #.......     100%        4    #####..


Dungeon Overview and Level Annotations

Branches:
Dungeon (7/15)            Ossuary (visited)
 Temple: D:4-7

Altars:
Cheibriados
Vehumet


Innate Abilities, Weirdness & Mutations

You reflexively headbutt those who attack you in melee.
You have a pair of horns on your head.


Message History

You block the two-headed ogre's attack.
The two-headed ogre hits you but does no damage.
You slash the two-headed ogre!
The two-headed ogre is severely wounded.
The two-headed ogre hits you with a +0 giant club!! x2
You hit the two-headed ogre.
Your headbutt misses the two-headed ogre.
The two-headed ogre is severely wounded.
The two-headed ogre hits you with a +0 giant club!
* * * LOW HITPOINT WARNING * * *
You block the two-headed ogre's attack.
You hit the two-headed ogre but do no damage.
Your headbutt misses the two-headed ogre.
The two-headed ogre is severely wounded.
You block the two-headed ogre's attack.
The two-headed ogre completely misses you.
You barely miss the two-headed ogre. You headbutt the two-headed ogre.
The two-headed ogre is severely wounded.
The two-headed ogre hits you with a +0 giant club!!
You die...

.... +.!....? ...
##...... #########.
#=.....##+##...#...#.
#......#.......#...#.
#......#.......#...#.
#......#.......#...#.
##+#...O..#.###.####.##.
#......@###.###.####.#..
#.......#....#...#...#..
+.......'....#...#...#..
#.......#....#...'...#..
#.......##########'###..
##+##.... ###.#....
#.... #...#.... #....
#...#.... #....#
#...'....


You could see a two-headed ogre.

Vanquished Creatures
  A phantom (D:6)
  An ice beast (D:6)
  2 ogres
  A centaur (D:6)
  A bullfrog (D:6)
  2 water moccasin zombies (Ossuary)
  2 scorpions
  3 wights (D:6)
  2 howler monkeys (D:4)
  A crimson imp (D:5)
  3 centaur zombies (D:5)
  4 hounds
  An orc priest (D:5)
  2 orc wizards (D:5)
  3 bullfrog skeletons
  4 iguanas
  A worker ant (D:6)
  7 big kobold zombies (Ossuary)
  3 hound zombies (D:5)
  2 hound skeletons
  3 mummies
  6 adders
  An ooze (D:1)
  4 adder zombies
  2 worms
  3 dart slugs
  A leopard gecko (D:1)
  3 orcs
  4 giant cockroaches
  4 gnoll zombies (Ossuary)
  10 goblins
  6 hobgoblins
  7 jackals
  2 quokkas
  3 ball pythons
  4 bats
  4 frilled lizards
  A goblin zombie (D:5)
  5 hobgoblin zombies
  6 kobolds
  4 kobold zombies (Ossuary)
  2 leopard gecko skeletons
  7 orc zombies (Ossuary)
  A quokka skeleton (D:5)
  7 rats
146 creatures vanquished.

Vanquished Creatures (others)
  An orc wizard (D:5)
1 creature vanquished.

Grand Total: 147 creatures vanquished

Notes
Turn   | Place    | Note
-------+----------+-------------------------------------------
     0 | D:1      | Peloso the Minotaur Fighter began the quest for the Orb.
     0 | D:1      | Reached XP level 1. HP: 19/19 MP: 0/0
    93 | D:1      | Reached XP level 2. HP: 26/27 MP: 1/1
   468 | D:1      | Reached skill level 3 in Long Blades
   689 | D:2      | Reached XP level 3. HP: 27/33 MP: 2/2
   844 | D:2      | Found a radiant altar of Vehumet.
  1155 | D:2      | Found a snail-covered altar of Cheibriados.
  1386 | D:3      | Reached XP level 4. HP: 40/40 MP: 3/3
  2006 | D:4      | Reached skill level 4 in Long Blades
  2159 | D:4      | Reached XP level 5. HP: 44/47 MP: 4/4
  2220 | D:4      | Reached skill level 5 in Long Blades
  2220 | D:4      | Reached skill level 1 in Dodging
  2306 | D:4      | Reached XP level 6. HP: 42/53 MP: 5/5
  2983 | D:5      | Entered Level 5 of the Dungeon
  3015 | D:5      | Reached skill level 5 in Armour
  3058 | D:5      | Reached skill level 5 in Shields
  3108 | D:5      | Reached skill level 6 in Long Blades
  3137 | D:5      | Reached XP level 7. HP: 48/60 MP: 6/6
  3243 | D:5      | Found a sand-covered staircase.
  3249 | Ossuary  | Entered an ossuary
  3332 | Ossuary  | Reached skill level 7 in Long Blades
  3333 | Ossuary  | Reached skill level 5 in Fighting
  3735 | D:5      | Reached skill level 8 in Long Blades
  3737 | D:5      | Reached XP level 8. HP: 66/68 MP: 7/7
  4811 | D:6      | Reached skill level 9 in Long Blades
  4822 | D:6      | Reached skill level 1 in Stealth
  5216 | D:7      | Noticed a two-headed ogre
  5228 | D:7      | Mangled by a two-headed ogre

Levels and vault maps discovered:
D:1:      onia_arrival_pentagram, layout_basic
D:2:      layout_loops_ring, vehumet_crystals, kennysheep_slug_shrine
D:3:      layout_loops_ring, first_ration
D:4:      layout_basic
D:5:      layout_cave_pods, serial_undead, serial_undead_b, serial_undead_d,
          serial_undead_a, serial_undead_f, serial_undead_c,
          nicolae_ossuary_entry_giza
D:6:      layout_basic, minmay_misc_feat_enclosed, minmay_misc_feat_encased
D:7:      layout_gridville, marbit_many_paths, minmay_temple_entry_waves

Skill      XL: |  1  2  3  4  5  6  7  8 |
---------------+-------------------------+-----
Fighting       | 4 5 6 |  6.2
Long Blades    | 3 4 5 6 8 9 |  9.4
Shields        | 4 5 6 7 |  7.2
Armour         | 4 5 6 |  6.6
Dodging        | 1 2 |  2.2
Stealth        | 1 |  1.1

Action                   |  1- 3 |  4- 6 |  7- 9 || total
-------------------------+-------+-------+-------++-------
Melee: Long sword        |    86 |   125 |   283 ||   494
       Headbutt          |    15 |    29 |    63 ||   107
  Use: Potion            |     4 |       |     1 ||     5
       Scroll            |     3 |     4 |       ||     7
 Stab: Invisible         |     1 |       |       ||     1
  Eat: Chunk             |     2 |     4 |     4 ||    10
       Ration            |       |       |     1 ||     1
Armor: Scale mail        |    21 |       |       ||    21
       Chain mail        |    15 |    79 |   129 ||   223
Dodge: Dodged            |    25 |    41 |    59 ||   125
Block: Shield            |    40 |    98 |   135 ||   273
       Rpst.: Long sword |     9 |    17 |    13 ||    39
